TOP OF THE 1ST |
Virginia Beach Whales batting - Pitching for Atlantic City Sonics : LHP Calle Lagerkvist
|
Pitching: LHP Calle Lagerkvist
|
|
Batting: RHB Daniel MacKinder
|
0-0: Foul Ball, location: 2F 0-1: Ball 1-1: Ball 2-1: Ball 3-1: Base on Balls
|
Batting: LHB Walker Ragland
|
0-0: Ball 1-0: Swinging Strike 1-1: Called Strike 1-2: Foul Ball, location: 2F 1-2: Foul Ball, location: 2F 1-2: Ball 2-2: Ball 3-2: Foul Ball, location: 2F 3-2: Strikes out swinging
|
Batting: RHB Óscar Cardozo
|
0-0: Called Strike 0-1: Ball 1-1: Ball 2-1: Foul Ball, location: 2F 2-2: Strikes out swinging
|
Batting: RHB Todd Walker
|
0-0: Ball 1-0: Ball Wild Pitch! Daniel MacKinder to second 2-0: Swinging Strike 2-1: Foul Ball, location: 2F 2-2: Fly out, F7 (Flyball, 78M, EV 80.6 MPH)
|
Top of the 1st over - 0 runs, 0 hits, 0 errors, 1 left on base; Virginia Beach 0 - Atlantic City 0 |
BOTTOM OF THE 1ST |
Atlantic City Sonics batting - Pitching for Virginia Beach Whales : LHP Cooper Carroll
|
Pitching: LHP Cooper Carroll
|
|
Batting: RHB Jerry Scott
|
0-0: Called Strike 0-1: Foul Ball, location: 2F 0-2: Ball 1-2: Ball 2-2: Ground out 6-3 (Groundball, 56, EV 77.5 MPH)
|
Batting: RHB Denis Perrin
|
0-0: Ball 1-0: Swinging Strike 1-1: Called Strike 1-2: Ball 2-2: Ground out 6-3 (Groundball, 6, EV 92.5 MPH)
|
Batting: RHB Raffaello Dichio
|
0-0: Ground out 4-3 (Groundball, 4, EV 100.6 MPH)
|
Bottom of the 1st over - 0 runs, 0 hits, 0 errors, 0 left on base; Virginia Beach 0 - Atlantic City 0 |
TOP OF THE 2ND |
Virginia Beach Whales batting - Pitching for Atlantic City Sonics : LHP Calle Lagerkvist
|
Batting: RHB Paul Pitts
|
0-0: Ball 1-0: Swinging Strike 1-1: Called Strike 1-2: Strikes out swinging
|
Batting: LHB Asberry Harpending
|
0-0: Swinging Strike 0-1: Ball 1-1: Foul Ball, location: 2F 1-2: Strikes out swinging
|
Batting: RHB Juan Oleastro
|
0-0: Called Strike 0-1: Ball 1-1: Ball 2-1: Foul Ball, location: 2F 2-2: Fly out, F7 (Line Drive, 7, EV 105.0 MPH)
|
Top of the 2nd over - 0 runs, 0 hits, 0 errors, 0 left on base; Virginia Beach 0 - Atlantic City 0 |
BOTTOM OF THE 2ND |
Atlantic City Sonics batting - Pitching for Virginia Beach Whales : LHP Cooper Carroll
|
Batting: RHB Zhong-yan Zhang
|
0-0: Ball 1-0: Ball 2-0: Called Strike 2-1: Ground out 6-3 (Groundball, 6, EV 80.6 MPH)
|
Batting: SHB John Clements
|
0-0: Ball 1-0: Ball 2-0: SINGLE (Groundball, 56D, EV 98.1 MPH)
|
Batting: RHB Garm van Opdorp
|
0-0: Called Strike John Clements is caught stealing 2nd base 2-4 0-1: Foul Ball, location: 2F 0-2: Ball 1-2: Strikes out swinging
|
Bottom of the 2nd over - 0 runs, 1 hit, 0 errors, 0 left on base; Virginia Beach 0 - Atlantic City 0 |
TOP OF THE 3RD |
Virginia Beach Whales batting - Pitching for Atlantic City Sonics : LHP Calle Lagerkvist
|
Batting: RHB Jessie Gibbs
|
0-0: Ball 1-0: Called Strike 1-1: Ball 2-1: Foul Ball, location: 2F 2-2: Strikes out swinging
|
Batting: RHB Dan Pike
|
0-0: Called Strike 0-1: Ball 1-1: Hit by Pitch
|
Batting: RHB Daniel MacKinder
|
0-0: SINGLE (Line Drive, 4D, EV 99.4 MPH) Dan Pike to second
|
Batting: LHB Walker Ragland
|
0-0: Called Strike 0-1: Swinging Strike 0-2: Strikes out swinging
|
Batting: RHB Óscar Cardozo
|
0-0: Ball 1-0: Called Strike 1-1: Foul Ball, location: 2F 1-2: Ball 2-2: Ground out 4-3 (Groundball, 4, EV 86.9 MPH)
|
Top of the 3rd over - 0 runs, 1 hit, 0 errors, 2 left on base; Virginia Beach 0 - Atlantic City 0 |
BOTTOM OF THE 3RD |
Atlantic City Sonics batting - Pitching for Virginia Beach Whales : LHP Cooper Carroll
|
Batting: RHB Guillermo Alessandrini
|
0-0: Called Strike 0-1: Fly out, F8 (Flyball, 8LXD, EV 90.0 MPH)
|
Batting: LHB Luis Ortíz
|
0-0: Called Strike 0-1: SINGLE (Groundball, 4D, EV 103.1 MPH)
|
Batting: LHB Jorge Quilez
|
0-0: Foul Ball, location: 2F 0-1: Foul Ball, location: 2F 0-2: Ball 1-2: Ball 2-2: Grounds into double play, 4-6-3 (Groundball, 4, EV 104.4 MPH)
|
Bottom of the 3rd over - 0 runs, 1 hit, 0 errors, 0 left on base; Virginia Beach 0 - Atlantic City 0 |
TOP OF THE 4TH |
Virginia Beach Whales batting - Pitching for Atlantic City Sonics : LHP Calle Lagerkvist
|
Batting: RHB Todd Walker
|
0-0: Ball 1-0: Foul Ball, location: 2F 1-1: Called Strike 1-2: Strikes out swinging
|
Batting: RHB Paul Pitts
|
0-0: Ball 1-0: Ball 2-0: Called Strike 2-1: Ball 3-1: Base on Balls
|
Batting: LHB Asberry Harpending
|
0-0: Ball 1-0: Ball 2-0: Called Strike 2-1: Grounds into double play, 4-6-3 (Groundball, 4, EV 90.6 MPH)
|
Top of the 4th over - 0 runs, 0 hits, 0 errors, 0 left on base; Virginia Beach 0 - Atlantic City 0 |
BOTTOM OF THE 4TH |
Atlantic City Sonics batting - Pitching for Virginia Beach Whales : LHP Cooper Carroll
|
Batting: RHB Jerry Scott
|
0-0: Swinging Strike 0-1: Foul Ball, location: 2F 0-2: Ball 1-2: Strikes out swinging
|
Batting: RHB Denis Perrin
|
0-0: Ball 1-0: Called Strike 1-1: Ball 2-1: Fly out, F9 (Flyball, 9, EV 88.1 MPH)
|
Batting: RHB Raffaello Dichio
|
0-0: Called Strike 0-1: Ball 1-1: Ball 2-1: Foul Ball, location: 2F 2-2: Strikes out swinging
|
Bottom of the 4th over - 0 runs, 0 hits, 0 errors, 0 left on base; Virginia Beach 0 - Atlantic City 0 |
TOP OF THE 5TH |
Virginia Beach Whales batting - Pitching for Atlantic City Sonics : LHP Calle Lagerkvist
|
Batting: RHB Juan Oleastro
|
0-0: Ball 1-0: Called Strike 1-1: Called Strike 1-2: Strikes out looking
|
Batting: RHB Jessie Gibbs
|
0-0: Swinging Strike 0-1: Ball 1-1: Foul Ball, location: 2F 1-2: Foul Ball, location: 2F 1-2: Ball 2-2: SINGLE (Groundball, 6MD, EV 109.4 MPH)
|
Batting: RHB Dan Pike
|
0-0: Ball 1-0: Ball 2-0: Called Strike 2-1: Foul Ball, location: 2F 2-2: Ball 3-2: Foul Ball, location: 2F 3-2: Fly out, F9 (Flyball, 9LDF, EV 105.6 MPH)
|
Batting: RHB Daniel MacKinder
|
0-0: Ball 1-0: Called Strike 1-1: Ball 2-1: Ball 3-1: Ground out 4-3 (Groundball, 4M, EV 83.1 MPH)
|
Top of the 5th over - 0 runs, 1 hit, 0 errors, 1 left on base; Virginia Beach 0 - Atlantic City 0 |
BOTTOM OF THE 5TH |
Atlantic City Sonics batting - Pitching for Virginia Beach Whales : LHP Cooper Carroll
|
Pitching: RHP Martin Rumbolt
|
|
Batting: RHB Zhong-yan Zhang
|
0-0: Ball 1-0: Foul Ball, location: 2F 1-1: Called Strike 1-2: Fly out, F9 (Flyball, 9LS, EV 81.2 MPH)
|
Batting: SHB John Clements
|
0-0: Foul Ball, location: 2F 0-1: Ball 1-1: Ground out 4-3 (Groundball, 34, EV 88.8 MPH)
|
Batting: RHB Garm van Opdorp
|
0-0: Ball 1-0: Ball 2-0: Ground out 4-3 (Groundball, 4S, EV 79.4 MPH)
|
Bottom of the 5th over - 0 runs, 0 hits, 0 errors, 0 left on base; Virginia Beach 0 - Atlantic City 0 |
TOP OF THE 6TH |
Virginia Beach Whales batting - Pitching for Atlantic City Sonics : LHP Calle Lagerkvist
|
Batting: LHB Walker Ragland
|
0-0: Ball 1-0: Ball 2-0: Foul Ball, location: 2F 2-1: Swinging Strike 2-2: Foul Ball, location: 2F 2-2: Ball 3-2: Fly out, F8 (Flyball, 8RD, EV 99.4 MPH)
|
Pitching: RHP Peter Routledge
|
|
Batting: RHB Óscar Cardozo
|
0-0: Ball 1-0: Ground out 6-3 (Groundball, 6S, EV 65.6 MPH)
|
Batting: RHB Todd Walker
|
0-0: Ground out 6-3 (Groundball, 6S, EV 85.0 MPH)
|
Top of the 6th over - 0 runs, 0 hits, 0 errors, 0 left on base; Virginia Beach 0 - Atlantic City 0 |
BOTTOM OF THE 6TH |
Atlantic City Sonics batting - Pitching for Virginia Beach Whales : RHP Martin Rumbolt
|
Batting: RHB Guillermo Alessandrini
|
0-0: Foul Ball, location: 2F 0-1: Called Strike 0-2: Ball 1-2: Ball 2-2: Ground out 1-3 (Groundball, 34S, EV 62.5 MPH)
|
Batting: LHB Luis Ortíz
|
0-0: Ball 1-0: Ball 2-0: Ball 3-0: Called Strike 3-1: Ground out 4-3 (Groundball, 4, EV 100.6 MPH)
|
Batting: LHB Jorge Quilez
|
0-0: Called Strike 0-1: Ground out 4-3 (Groundball, 4, EV 91.9 MPH)
|
Bottom of the 6th over - 0 runs, 0 hits, 0 errors, 0 left on base; Virginia Beach 0 - Atlantic City 0 |
TOP OF THE 7TH |
Virginia Beach Whales batting - Pitching for Atlantic City Sonics : RHP Peter Routledge
|
Batting: RHB Paul Pitts
|
0-0: Ball 1-0: Ball 2-0: Ball 3-0: Base on Balls
|
Batting: LHB Asberry Harpending
|
0-0: Called Strike 0-1: Ball 1-1: Ball 2-1: Foul Ball, location: 2F 2-2: Ball 3-2: Base on Balls Paul Pitts to second
|
Batting: RHB Juan Oleastro
|
0-0: Called Strike 0-1: Ball 1-1: Sac Bunt to P - play at first, batter OUT! 1-3 Paul Pitts to third Asberry Harpending to second
|
Batting: RHB Jessie Gibbs
|
0-0: Ground out 6-3 (Groundball, 6, EV 83.1 MPH)
|
Batting: RHB Dan Pike
|
0-0: Ball 1-0: Ball 2-0: Swinging Strike 2-1: Called Strike 2-2: Ground out 6-3 (Groundball, 6, EV 93.1 MPH)
|
Top of the 7th over - 0 runs, 0 hits, 0 errors, 2 left on base; Virginia Beach 0 - Atlantic City 0 |
BOTTOM OF THE 7TH |
Atlantic City Sonics batting - Pitching for Virginia Beach Whales : RHP Martin Rumbolt
|
Batting: RHB Jerry Scott
|
0-0: Called Strike 0-1: Ball 1-1: Foul Ball, location: 2F 1-2: Strikes out looking
|
Batting: RHB Denis Perrin
|
0-0: Ball 1-0: Swinging Strike 1-1: Foul Ball, location: 2F 1-2: Ball 2-2: Ball 3-2: Strikes out swinging
|
Batting: RHB Raffaello Dichio
|
0-0: Called Strike 0-1: Ball 1-1: Foul Ball, location: 2F 1-2: Foul Ball, location: 2F 1-2: Fly out, F8 (Flyball, 8RS, EV 86.9 MPH)
|
Bottom of the 7th over - 0 runs, 0 hits, 0 errors, 0 left on base; Virginia Beach 0 - Atlantic City 0 |
TOP OF THE 8TH |
Virginia Beach Whales batting - Pitching for Atlantic City Sonics : RHP Peter Routledge
|
Batting: RHB Daniel MacKinder
|
0-0: Called Strike 0-1: Ball 1-1: Foul Ball, location: 2F 1-2: Foul Ball, location: 2F 1-2: Strikes out swinging
|
Batting: LHB Walker Ragland
|
0-0: Ball 1-0: Ball 2-0: Ground out U3 (Groundball, 3L, EV 79.4 MPH)
|
Batting: RHB Óscar Cardozo
|
0-0: Ball 1-0: Foul Ball, location: 2F 1-1: Foul Ball, location: 2F 1-2: Strikes out swinging
|
Top of the 8th over - 0 runs, 0 hits, 0 errors, 0 left on base; Virginia Beach 0 - Atlantic City 0 |
BOTTOM OF THE 8TH |
Atlantic City Sonics batting - Pitching for Virginia Beach Whales : RHP Martin Rumbolt
|
Batting: RHB Zhong-yan Zhang
|
0-0: Ball 1-0: Called Strike 1-1: Ball 2-1: Fly out, F9 (Flyball, 89M, EV 85.6 MPH)
|
Batting: SHB John Clements
|
0-0: Called Strike 0-1: Ball 1-1: Foul Ball, location: 2F 1-2: Ball 2-2: Ground out U3 (Groundball, 3D, EV 88.1 MPH)
|
Batting: RHB Garm van Opdorp
|
0-0: Ball 1-0: Ball 2-0: Ball 3-0: Base on Balls
|
Batting: RHB Guillermo Alessandrini
|
0-0: Ball 1-0: Swinging Strike 1-1: Fielders Choice at 2nd, 5-4 (Groundball, 5, EV 84.4 MPH)
|
Bottom of the 8th over - 0 runs, 0 hits, 0 errors, 1 left on base; Virginia Beach 0 - Atlantic City 0 |
TOP OF THE 9TH |
Virginia Beach Whales batting - Pitching for Atlantic City Sonics : RHP Peter Routledge
|
Batting: RHB Todd Walker
|
0-0: Ball 1-0: Ground out 6-3 (Groundball, 6, EV 82.5 MPH)
|
Batting: RHB Paul Pitts
|
0-0: Foul Ball, location: 2F 0-1: Called Strike 0-2: Ball 1-2: Strikes out swinging
|
Batting: LHB Asberry Harpending
|
0-0: Foul Ball, location: 2F 0-1: Foul Ball, location: 2F 0-2: Ground out 6-3 (Groundball, 6MD, EV 100.6 MPH)
|
Top of the 9th over - 0 runs, 0 hits, 0 errors, 0 left on base; Virginia Beach 0 - Atlantic City 0 |
BOTTOM OF THE 9TH |
Atlantic City Sonics batting - Pitching for Virginia Beach Whales : RHP Martin Rumbolt
|
Batting: LHB Luis Ortíz
|
0-0: Ground out U3 (Groundball, 34, EV 103.1 MPH)
|
Batting: LHB Jorge Quilez
|
0-0: Called Strike 0-1: Ball 1-1: Ball 2-1: Ball 3-1: Base on Balls
|
Batting: RHB Jerry Scott
|
0-0: Ball 1-0: Called Strike 1-1: Ball 2-1: Ball 3-1: Foul Ball, location: 2F 3-2: Base on Balls Jorge Quilez to second
|
Pitching: RHP António Arrojo
|
|
Batting: RHB Denis Perrin
|
0-0: Ball 1-0: Ball 2-0: Fielders Choice at 2nd, 4-6 (Groundball, 4, EV 82.5 MPH) Jorge Quilez to third
|
Batting: RHB Raffaello Dichio
|
0-0: Called Strike 0-1: Ball 1-1: Fly out, F6 (Popup, 25, EV 82.5 MPH)
|
Bottom of the 9th over - 0 runs, 0 hits, 0 errors, 2 left on base; Virginia Beach 0 - Atlantic City 0 |
TOP OF THE 10TH |
Virginia Beach Whales batting - Pitching for Atlantic City Sonics : RHP Peter Routledge
|
Pitching: RHP Roberto Morales
|
|
Batting: RHB Juan Oleastro
|
0-0: Swinging Strike 0-1: Ball 1-1: Foul Ball, location: 2F 1-2: Strikes out swinging
|
Batting: RHB Jessie Gibbs
|
0-0: Ball 1-0: Foul Ball, location: 2F 1-1: Swinging Strike 1-2: Strikes out swinging
|
Batting: RHB Dan Pike
|
0-0: Foul Ball, location: 2F 0-1: Ball 1-1: Swinging Strike 1-2: Strikes out swinging
|
Top of the 10th over - 0 runs, 0 hits, 0 errors, 0 left on base; Virginia Beach 0 - Atlantic City 0 |
BOTTOM OF THE 10TH |
Atlantic City Sonics batting - Pitching for Virginia Beach Whales : RHP António Arrojo
|
Batting: RHB Zhong-yan Zhang
|
0-0: Ball 1-0: SINGLE (Line Drive, 3D, EV 99.4 MPH)
|
Batting: SHB John Clements
|
0-0: Called Strike 0-1: Ball 1-1: Ball 2-1: Ball 3-1: Called Strike 3-2: Base on Balls Zhong-yan Zhang to second
|
Batting: RHB Garm van Opdorp
|
0-0: Called Strike 0-1: Swinging Strike 0-2: Fly out, F3 (Popup, 3S, EV 80.0 MPH)
|
Batting: RHB Guillermo Alessandrini
|
0-0: Called Strike 0-1: Foul Ball, location: 2F 0-2: Strikes out looking
|
Batting: LHB Luis Ortíz
|
0-0: Called Strike 0-1: Fly out, F8 (Flyball, 8LS, EV 90.0 MPH)
|
Bottom of the 10th over - 0 runs, 1 hit, 0 errors, 2 left on base; Virginia Beach 0 - Atlantic City 0 |
TOP OF THE 11TH |
Virginia Beach Whales batting - Pitching for Atlantic City Sonics : RHP Roberto Morales
|
Pinch Hitting: LHB Henry Head
|
0-0: Ball 1-0: Called Strike 1-1: Ball 2-1: Ground out U3 (Groundball, 34, EV 91.9 MPH)
|
Batting: LHB Walker Ragland
|
0-0: Ground out 4-3 (Groundball, 4M, EV 103.8 MPH)
|
Batting: RHB Óscar Cardozo
|
0-0: Ball 1-0: Foul Ball, location: 2F 1-1: Foul Ball, location: 2F 1-2: Ball 2-2: Ball 3-2: Strikes out looking
|
Top of the 11th over - 0 runs, 0 hits, 0 errors, 0 left on base; Virginia Beach 0 - Atlantic City 0 |
BOTTOM OF THE 11TH |
Atlantic City Sonics batting - Pitching for Virginia Beach Whales : RHP António Arrojo
|
Now in CF: Dave Thomas
|
|
Batting: LHB Jorge Quilez
|
0-0: Ball 1-0: Called Strike 1-1: SINGLE (Groundball, 56S, EV 75.0 MPH) (infield hit)
|
Pitching: LHP Calvin Blackburn
|
|
Batting: RHB Jerry Scott
|
0-0: Ball 1-0: Bunted foul 1-1: Sac Bunt to 3S - play at first, batter OUT! 3-4 Jorge Quilez to second
|
Batting: RHB Denis Perrin
|
0-0: Foul Ball, location: 2F 0-1: Ball 1-1: Swinging Strike 1-2: Ball 2-2: Fly out, F7 (Line Drive, 7, EV 98.1 MPH)
|
Batting: RHB Raffaello Dichio
|
0-0: Called Strike 0-1: Ball 1-1: SINGLE (Groundball, 56D, EV 103.8 MPH) Jorge Quilez to third Runner from 3rd tries for Home, SAFE, no throw by LF
|
|
Friday, March 26th, 2021 - OOTP Baseball 20.8 Build 74
|
|